Map: Oxide LE

Players

Massa

  • Race: Terran Terran
  • League: Platinum

Viodaey - Winner!

  • Race: Protoss Protoss
  • League: Diamond

VOD

Have the link to the VOD?

Description

Time

  • Played on: April 20, 2021, 12:58 p.m.
  • Length: 15:29
Show
View Real Time Build Order
Export as new Build Order

Massa Terran 

Build Orders:  

Get SALT Encoding   

  12  0:00  SCV  
  13  0:12  SCV  
  14  0:17  Supply Depot  
  14  0:24  SCV  
  15  0:39  SCV  
  15  0:41  Barracks  
  16  0:47  Refinery  
  16  0:51  SCV  
  17  1:03  SCV  
  18  1:15  SCV  
  20  1:33  Orbital Command  
  20  1:35  Reaper  
  20  1:46  Command Center  
  20  2:03  SCV  
  20  2:07  Marine  
  22  2:11  Factory  
  24  2:58  Hellion  
  24  3:02  Barracks Tech Lab  
  24  3:04  Refinery, Starport  
  24  3:07  SCV, Supply Depot  
  24  3:08  Supply Depot x2  
  25  3:14  Orbital Command  
  25  3:19  SCV  
  26  3:28  Barracks Tech Lab  
  26  3:31  SCV  
  26  3:33  Supply Depot  
  27  3:36  Engineering Bay  
  27  3:43  SCV  
  27  4:11  Marauder  
  27  4:13  Stimpack  
  27  4:14  Cyclone  
  27  4:16  SCV x2  
  34  4:21  Starport Tech Lab  
  34  4:28  SCV x2  
  34  4:30  Supply Depot  
  36  4:35  Refinery  
  36  4:36  Refinery  
  36  4:38  Barracks  
  36  4:40  SCV x2  
  36  4:41  Barracks  
  38  4:47  Banshee  
  38  4:52  SCV, Supply Depot  
  42  4:53  SCV  
  42  4:58  Marine  
  44  5:03  Terran Infantry Weapons Level 1  
  44  5:04  SCV  
  44  5:05  SCV  
  46  5:15  Marine  
  46  5:16  SCV  
  46  5:17  SCV  
  49  5:24  Cloaking Field  
  49  5:30  Banshee  
  49  5:33  Command Center  
  52  5:36  Siege Tank  
  52  5:37  Barracks Reactor  
  52  5:39  Barracks Tech Lab  
  52  5:41  Marine  
  52  5:42  SCV  
  57  5:59  Marine  
  55  6:20  Medivac  
  57  6:50  Medivac  
  59  7:00  Marauder x2  
  59  7:01  Marine x2  
  57  7:05  SCV x2  
  61  7:11  Siege Tank  
  61  7:15  Terran Infantry Armor Level 1  
  64  7:17  SCV x2  
  64  7:18  Armory  
  64  7:19  Marine x2  
  64  7:20  Medivac  
  64  7:21  Marauder x2  
  74  7:25  Barracks  
  74  7:27  Barracks, Corvid Reactor  
  74  7:28  Barracks  
  74  7:29  SCV, Combat Shield  
  76  7:30  SCV  
  76  7:31  Concussive Shells  
  76  7:36  Marine  
  76  7:37  Marine  
  76  7:40  Planetary Fortress  
  76  7:43  Marauder x2  
  82  7:50  Medivac  
  84  8:04  Marauder  
  86  8:22  Marauder, Marine x2  
  86  8:25  Marauder  
  86  8:26  Barracks Reactor, Barracks Tech Lab x2  
  92  8:33  SCV x3  
  95  8:40  Marine x2  
  97  8:44  Marauder  
  97  8:45  SCV x2  
  101  8:52  Command Center  
  101  9:10  Marine x2  
  101  9:11  Marine  
  101  9:14  SCV  
  101  9:15  Marine  
  101  9:16  Marauder  
  101  9:19  Marauder  
  101  9:23  Marauder  
  101  9:29  Marine  
  101  9:36  Marauder  
  100  9:43  Marauder x2  
  100  9:44  Marauder  
  99  9:51  Marine x2  
  99  9:52  Medivac  
  93  9:58  Marauder  
  93  9:59  Supply Depot x2  
  95  10:02  Terran Infantry Weapons Level 2  
  95  10:04  Marauder x2  
  95  10:05  Marauder  
  101  10:07  Terran Vehicle And Ship Armor Level 1, Engineering Bay  
  101  10:08  Planetary Fortress  
  101  10:10  SCV x2  
  101  10:11  SCV  
  102  10:14  Marine  
  102  10:15  Marine x3  
  102  10:19  Marauder  
  95  10:22  SCV, Medivac  
  95  10:24  Supply Depot  
  95  10:26  Marauder x2  
  95  10:27  Marauder  
  95  10:28  Supply Depot  
  87  10:32  Marine  
  87  10:33  Marine x2  
  90  10:41  Marauder  
  84  10:44  Marine  
  84  10:47  Marauder x2  
  84  10:48  Marauder, Supply Depot  
  77  10:50  Marine x2  
  77  10:51  Marine, Supply Depot  
  77  10:52  Medivac  
  73  11:02  Marauder, Marine  
  73  11:04  SCV x3  
  77  11:08  Marauder, Marine x3  
  77  11:09  Marine  
  84  11:16  SCV x2  
  86  11:18  Supply Depot  
  86  11:22  Medivac  
  85  11:42  Supply Depot  
  85  11:49  Marauder x4  
  85  11:50  Marine x4  
  85  11:51  Liberator  
  100  11:59  Refinery, Command Center  
  100  12:00  Refinery, SCV x3  
  103  12:05  Siege Tank  
  103  12:08  Marine x4  
  107  12:10  Marauder  
  107  12:11  Terran Infantry Armor Level 2, Marauder x3  
  107  12:12  SCV x3  
  121  12:24  SCV x3  
  121  12:26  Marine  
  125  12:32  Marauder  
  125  12:36  SCV x2  
  117  14:00  SCV  
  117  14:01  SCV x2  
  108  14:13  SCV x3, Marauder x5, Marine x2  
  108  14:15  Siege Tank  
  83  14:25  SCV x3  
  83  14:31  Marine x2  
  86  14:34  Marauder, Marine  
  86  14:35  Marauder x3  
  86  14:37  SCV x2  
  93  14:48  Siege Tank  
  93  14:49  Marine x2  
  93  14:52  Marine  
  88  14:55  Marine x3  
  88  14:56  Marine  
  73  15:06  Marine  
  71  15:07  Marine  
  71  15:10  Marine  
  77  15:20  Command Center  
Show
View Real Time Build Order
Export as new Build Order

Viodaey Protoss - Winner!

Build Orders:  

Get SALT Encoding   

  12  0:00  Probe  
  13  0:12  Probe  
  14  0:18  Pylon  
  14  0:24  Probe  
  15  0:36  Probe  
  15  0:38  Gateway  
  16  0:45  Assimilator  
  16  0:48  Probe (Chrono Boost)  
  18  0:58  Probe (Chrono Boost)  
  18  1:03  Probe (Chrono Boost)  
  19  1:15  Probe  
  19  1:16  Pylon  
  20  1:27  Probe  
  20  1:30  Cybernetics Core  
  21  1:36  Assimilator  
  21  1:39  Probe  
  22  1:51  Probe  
  23  1:58  Nexus  
  23  2:03  Probe (Chrono Boost)  
  24  2:14  Stalker (Chrono Boost)  
  24  2:15  Probe (Chrono Boost)  
  27  2:23  Probe (Chrono Boost)  
  27  2:29  Probe  
  28  2:30  Pylon  
  28  2:41  Probe  
  29  2:50  Stalker  
  31  2:54  Probe  
  32  3:00  Robotics Facility  
  32  3:09  Probe (Chrono Boost)  
  32  3:10  Pylon  
  32  3:11  Probe (Chrono Boost)  
  34  3:17  Gateway  
  36  3:21  Probe (Chrono Boost)  
  36  3:22  Probe (Chrono Boost), Warp Gate (Chrono Boost)  
  38  3:27  Sentry  
  38  3:28  Probe  
  38  3:30  Probe  
  40  3:40  Probe  
  41  3:42  Probe  
  41  3:52  Probe  
  41  3:56  Probe  
  41  4:04  Probe  
  41  4:09  Observer, Probe (Chrono Boost)  
  44  4:11  Stalker x2  
  44  4:16  Probe (Chrono Boost)  
  49  4:21  Probe (Chrono Boost)  
  50  4:26  Pylon  
  50  4:28  Probe (Chrono Boost)  
  50  4:29  Probe (Chrono Boost)  
  52  4:36  Immortal  
  52  4:38  Pylon  
  56  4:39  Assimilator  
  56  4:41  Stalker x2  
  56  4:42  Assimilator  
  60  4:48  Probe  
  60  4:49  Probe  
  60  4:51  Gateway  
  62  5:01  Probe x2  
  64  5:11  Pylon  
  64  5:13  Probe x2  
  66  5:16  Immortal  
  70  5:25  Probe x2, Stalker  
  70  5:26  Stalker  
  76  5:32  Pylon  
  76  5:44  Pylon  
  76  5:46  Probe  
  76  5:47  Probe  
  76  5:48  Forge  
  76  5:49  Stalker  
  80  5:50  Sentry  
  80  5:51  Pylon  
  80  5:53  Stalker  
  88  5:58  Probe  
  88  5:59  Probe  
  90  6:14  Observer (Chrono Boost)  
  86  6:26  Probe x2  
  88  6:33  Protoss Ground Weapons Level 1 (Chrono Boost)  
  88  6:34  Stalker x3  
  88  6:38  Probe x2  
  96  6:41  Nexus  
  96  6:43  Pylon  
  96  6:47  Pylon  
  96  6:58  Probe x2  
  98  7:10  Probe x2, Stalker  
  98  7:11  Stalker x2  
  98  7:15  Nexus  
  106  7:16  Gateway, Pylon  
  106  7:17  Gateway, Forge  
  106  7:18  Pylon  
  106  7:22  Probe  
  107  7:23  Probe  
  107  7:25  Pylon  
  107  7:26  Immortal (Chrono Boost)  
  112  7:34  Probe  
  113  7:44  Stalker x3  
  115  7:50  Probe x2  
  121  7:58  Probe  
  121  8:02  Probe x2, Immortal  
  128  8:10  Probe, Zealot x3  
  135  8:16  Twilight Council  
  135  8:29  Assimilator x2  
  135  8:32  Probe x2  
  135  8:33  Probe  
  138  8:36  Stalker x5  
  148  8:42  Protoss Shields Level 1  
  148  8:43  Protoss Ground Armor Level 1  
  148  8:45  Probe  
  148  8:46  Probe  
  148  8:47  Probe  
  151  8:54  Charge (Chrono Boost)  
  147  9:01  Stalker x4  
  147  9:02  Stalker  
  151  9:04  Immortal  
  127  9:27  Probe x2  
  127  9:28  Probe x2  
  131  9:35  Zealot  
  131  9:36  Zealot x4  
  132  9:39  Probe  
  132  9:40  Probe x3  
  131  9:52  Probe  
  128  9:58  Probe x2 (Chrono Boost)  
  128  9:59  Probe (Chrono Boost)  
  131  10:04  Probe (Chrono Boost)  
  125  10:15  Probe x2 (Chrono Boost)  
  125  10:16  Probe (Chrono Boost)  
  113  10:24  Stalker x5  
  117  10:47  Probe x4  
  103  10:53  Gateway, Stalker  
  103  10:54  Gateway, Stalker x4  
  103  10:55  Pylon  
  103  10:56  Immortal  
  111  10:57  Protoss Ground Weapons Level 2 (Chrono Boost), Protoss Shields Level 2 (Chrono Boost)  
  111  11:08  Assimilator  
  111  11:16  Assimilator  
  111  11:18  Gateway  
  111  11:20  Robotics Facility  
  103  11:26  Nexus  
  103  11:29  Zealot x5  
  108  11:38  Immortal  
  112  11:50  Zealot x7  
  126  11:59  Probe, Pylon  
  126  12:00  Probe x2  
  126  12:01  Probe, Pylon  
  129  12:05  Pylon  
  130  12:08  Blink  
  130  12:10  Pylon  
  130  12:12  Probe  
  130  12:15  Templar Archives, Pylon  
  131  12:18  Pylon  
  131  12:20  Zealot x8  
  131  12:22  Pylon  
  147  12:26  Probe  
  147  12:28  Probe x3  
  151  12:39  Probe  
  151  12:40  Probe  
  151  12:41  Probe  
  151  12:43  Stalker  
  151  12:44  Stalker x6  
  168  12:52  High Templar  
  168  12:56  Assimilator  
  170  13:00  Assimilator  
  170  13:03  Robotics Bay  
  170  13:07  High Templar  
  170  13:08  High Templar x6  
  173  13:29  Stalker  
  169  13:44  Stalker x3  
  169  13:45  Stalker x4  
  169  13:56  Probe x2  
  169  14:00  Pylon  
  171  14:03  Pylon  
  171  14:04  Photon Cannon  
  163  14:11  Archon  
  163  14:12  Archon x3  
  163  14:15  Stalker x8  
  144  14:39  Stalker  
  144  14:40  Stalker x4  
  148  14:54  Stalker  
  148  14:55  Stalker x2  
  150  15:13  Pylon  
  150  15:16  Photon Cannon  
Tags
 
Add a new tag
Caveats
  • Supply blocks, unpowered buildings, or Contaminate may cause inaccurate times.
  • Supply counts are checked every 10 seconds.